 Dungeon Sprint DCSS version 0.17-a0-1719-g1afd5a1 (webtiles) character file.

12126 Kidiri the Unseen (level 11, 0/47 HPs)
             Began as a Spriggan Enchanter on Aug 27, 2015.
             Was the Champion of Dithmenos.
             Slain by a blink frog (17 damage)
             ... in the Dungeon (Sprint III: "The Ten Rune Challenge").
             The game lasted 00:15:06 (3305 turns).

Kidiri the Unseen (Spriggan Enchanter)              Turns: 3305, Time: 00:15:07

Health: 0/47       AC:  3    Str:  4    XL:     11   Next: 58%
Magic:  10/30      EV: 32    Int: 19    God:    Dithmenos [******]
Gold:   39         SH:  0    Dex: 18    Spells: 9 memorised, 6 levels left

rFire  . . .     SeeInvis +     a - +1 dagger
rCold  . . .     Rnd*Rage +     b - +1 robe
rNeg   . . .     SustAt   .     (shield restricted)
rPois  .         Gourm    .     (helmet restricted)
rElec  .         Spirit   .     (no cloak)
rCorr  .         Warding  .     (gloves unavailable)
rMut   .         NoTele   +     (boots unavailable)
MR     +....                    (no amulet)
Stlth  ++++++++..               (no ring)
                                (no ring)

@: very slightly contaminated, wreathed by umbra, very quick, somewhat resistant
to hostile enchantments, extraordinarily stealthy
A: unfitting armour, horns 1, talons 1, see invisible, berserk 1, herbivore 3,
speed 3, slow metabolism 2, wild magic 1, MP-powered wands
a: Shadow Step, Shadow Form, Renounce Religion


You were in the Dungeon.
You worshipped Dithmenos.
Dithmenos was exalted by your worship.
You were not hungry.

You visited 1 branch You collected 39 gold pieces.

Inventory:

Hand weapons
 a - a +1 dagger (weapon)
Missiles
 r - 9 throwing nets (quivered)
Armour
 b - a +1 robe (worn)
Scrolls
 j - a scroll of blinking
 n - 2 scrolls of torment
 o - 2 scrolls of remove curse
Potions
 f - a potion of heal wounds
 g - a potion of haste
 h - 2 potions of magic
 i - 2 potions of berserk rage
 k - a potion of agility
 l - a potion of might
 p - a potion of cure mutation
 q - 3 potions of flight
Books
 m - a book of the Sky

   Spells                             Type                      Level
   a - Summon Lightning Spire         Summoning/Air                4
   b - Airstrike                      Air                          4
   c - Silence                        Hexes/Air                    5
   d - Deflect Missiles               Charms/Air                   6
   e - Conjure Ball Lightning         Conjuration/Air              6
   f - Tornado                        Air                          9
Comestibles
 c - 29 royal jellies
 d - a bread ration
 s - 6 fruits


   Skills:
 + Level 9.3 Short Blades
 * Level 16.3 Dodging
 * Level 17.9 Stealth
 * Level 14.3 Spellcasting
 + Level 6.2 Conjurations
 + Level 10.6 Hexes
 + Level 9.0 Charms
 + Level 5.6 Summonings
 + Level 7.0 Ice Magic
 + Level 6.5 Air Magic
 - Level 5.0 Invocations


You had 6 spell levels left.
You knew the following spells:

 Your Spells              Type           Power        Failure   Level  Hunger
a - Corona                Hex            ######.      1%          1    None
b - Ensorcelled Hibernat  Hex/Ice        ######       1%          2    None
c - Confuse               Hex            ######..     1%          3    None
d - Tukima's Dance        Hex            ######..     1%          3    None
e - Dazzling Spray        Conj/Hex       ######..     2%          3    None
f - Airstrike             Air            ######....   9%          4    None
g - Summon Lightning Spi  Summ/Air       ######..     11%         4    None
h - Deflect Missiles      Chrm/Air       ######....   50%         6    #####..
i - Conjure Ball Lightni  Conj/Air       ######....   80%         6    #####..


Dungeon Overview and Level Annotations

Branches:
Dungeon (1/1)

Altars:
Cheibriados
Dithmenos
Elyvilon
Fedhas
Gozag
Kikubaaqudgha
Makhleb
Nemelex Xobeh
Okawaru
Qazlal
Ru
Sif Muna
Trog
Vehumet
Xom
Yredelemnul
Zin
The Shining One
Jiyva
Lugonu

Shops:
D ![}

Annotations:
D Frances, Wiglaf


Innate Abilities, Weirdness & Mutations

You are tiny and cannot use many weapons and most armour.
You have supernaturally acute eyesight.
You are a herbivore.
You cover ground extremely quickly.
You need consume almost no food.
You have a pair of small horns on your head.
You have sharp toenails.
You tend to lose your temper in combat.
Your spells are a little harder to cast, but a little more powerful.
You expend magic power (3 MP) to strengthen your wands.


Message History

Casting: Dazzling Spray
Confirm with . or Enter, or press ? or * to list all spells.
You don't know that spell.
You are a level 11 Spriggan Enchanter.
You are 58% of the way to level 12.
Play time: 00:15:02 (3304 turns) Unknown command.
Casting: Dazzling Spray
Confirm with . or Enter, or press ? or * to list all spells.
Aiming: Dazzling Spray
Press: ? - help, Shift-Dir - straight line, f/p - blink frog
Aim: a blink frog (heavily wounded, umbra)
The spray of energy hits the blink frog.
The blink frog is almost dead.
The spray of energy hits the blink frog.
The blink frog is severely wounded.
The blink frog blinks!
The blink frog completely misses you. The blink frog hits you!
You emit a cloud of dark smoke.
The blink frog blinks!
Unknown command.
The blink frog completely misses you. The blink frog hits you!
You die...

▓...).#.≈≈≈≈≈≈%...#.⌠.#__#...#
▓.....#.≈≈≈≈≈.....#...#__#...#
▓.....#.≈≈≈.......#+###__#...#
▓+#####...........#:).#__#...'
▓.................#___#_.+...#
▓▓▓▓▓▓▓▓▓▓▓▓▓▓▓▓▓▓▓▓▓▓▓▓▓▓▓▓▓▓
+≈≈≈≈§≈≈§§♣♣.....♣♣♣♣≈≈≈.
#≈§§§§§§§§♣♣.≈≈≈≈+♣♣'♣≈≈≈
#.§§§§§F@§§'.....#.≈♣♣♣♣♣
#≈§F§§§FF§♣♣♣♣♣♣♣#..♣♣
#≈≈≈§§§§§≈♣ ###+♣♣♣♣
####+###### ♣♣♣♣.##..
♣...##.## ♣♣.##.##. ♣..#.##.
♣♣.##.## ♣♣.##.##


You could see 4 blink frogs.

Vanquished Creatures
  Maud (D)
  2 hydras (D)
  3 death drakes (D)
  A spriggan druid (D)
  A lindwurm (D)
  2 spiny frogs (D)
  A komodo dragon (D)
  A fire drake (D)
  3 wandering mushrooms (D)
  A deep elf priest (D)
  A queen bee (D)
  A blink frog (D)
  2 spriggans (D)
  2 trapdoor spiders (D)
  4 redbacks (D)
  A shadow (D)
  A hill giant (D)
  A spatial vortex (D)
  A swamp drake (D)
  A necrophage (D)
  3 swamp dragon skeletons (D)
  2 brain worms (D)
  3 two-headed ogres (D)
  A water elemental (D)
  An electric eel (D)
  32 killer bees (D)
  A jelly (D)
  Jessica (D)
  A necromancer (D)
  A wolf (D)
  3 humans (D)
  A kobold demonologist (D)
  2 oozes (D)
  A rat (D)
  2 ballistomycetes (D)
  A giant spore (D)
87 creatures vanquished.

Vanquished Creatures (collateral kills)
  Erolcha (D)
  A hill giant (D)
2 creatures vanquished.

Vanquished Creatures (others)
  2 draconian scorchers (D)
  Nessos (D)
  2 yaktaurs (D)
  A wizard (D)
  3 plants (D)
9 creatures vanquished.

Grand Total: 98 creatures vanquished

Notes
Turn   | Place    | Note
--------------------------------------------------------------
     0 | D        | Kidiri the Spriggan Enchanter began the quest for the Orb.
     0 | D        | Reached XP level 1. HP: 9/9 MP: 5/5
     4 | D        | Reached skill level 5 in Stealth
    16 | D        | Reached XP level 2. HP: 13/13 MP: 5/7
    20 | D        | Learned a level 2 spell: Ensorcelled Hibernation
    41 | D        | Noticed Jessica
    50 | D        | Killed Jessica
    50 | D        | Reached skill level 5 in Dodging
    50 | D        | Reached skill level 6 in Stealth
    50 | D        | Reached XP level 3. HP: 12/16 MP: 8/10
    58 | D        | Learned a level 3 spell: Confuse
    62 | D        | Learned a level 3 spell: Tukima's Dance
   139 | D        | Noticed a wolf
   144 | D        | Killed a wolf
   144 | D        | Reached skill level 7 in Stealth
   144 | D        | Reached skill level 5 in Spellcasting
   144 | D        | Reached skill level 1 in Ice Magic
   148 | D        | Killed a white draconian scorcher
   187 | D        | Killed a white draconian scorcher
   223 | D        | Reached XP level 4. HP: 11/21 MP: 1/12
   228 | D        | Learned a level 3 spell: Dazzling Spray
   326 | D        | Gained mutation: Your spells are a little harder to cast, but a little more powerful. [potion of mutation]
   326 | D        | Gained mutation: You are weak. (Str -2) [potion of mutation]
   326 | D        | Gained mutation: You tend to lose your temper in combat. [potion of mutation]
   327 | D        | Gained mutation: You expend magic power (3 MP) to strengthen your wands. [potion of mutation]
   327 | D        | Gained mutation: You have sharp toenails. [potion of mutation]
   327 | D        | Gained mutation: You have a pair of small horns on your head. [potion of mutation]
   328 | D        | Lost mutation: You are weak. (Str -2) [potion of mutation]
   334 | D        | Killed a yaktaur
   398 | D        | Noticed a water elemental
   401 | D        | Killed a water elemental
   401 | D        | Reached skill level 8 in Stealth
   401 | D        | Reached skill level 1 in Conjurations
   401 | D        | Reached skill level 5 in Hexes
   410 | D        | Noticed a jelly
   411 | D        | Noticed a shadow
   413 | D        | Killed a shadow
   413 | D        | Reached skill level 9 in Stealth
   413 | D        | Reached XP level 5. HP: 24/24 MP: 14/16
   417 | D        | Killed a jelly
   417 | D        | Reached skill level 10 in Stealth
   417 | D        | Reached XP level 6. HP: 28/28 MP: 14/17
   437 | D        | Found a stormy altar of Qazlal.
   437 | D        | Found a sacrificial altar of Ru.
   437 | D        | Found a burning altar of Makhleb.
   437 | D        | Found a shimmering altar of Xom.
   438 | D        | Found a viscous altar of Jiyva.
   438 | D        | Found a shadowy altar of Dithmenos.
   438 | D        | Found a sparkling altar of Nemelex Xobeh.
   438 | D        | Found a corrupted altar of Lugonu.
   438 | D        | Found an opulent altar of Gozag.
   438 | D        | Noticed a spatial vortex
   442 | D        | Became a worshipper of Dithmenos the Shadowed
   446 | D        | Killed a spatial vortex
   446 | D        | Reached skill level 1 in Invocations
   473 | D        | Found a radiant altar of Vehumet.
   474 | D        | Found a deep blue altar of Sif Muna.
   474 | D        | Found an ancient bone altar of Kikubaaqudgha.
   474 | D        | Noticed a wizard
   475 | D        | Noticed a soul eater
   478 | D        | Killed a wizard
   478 | D        | Reached skill level 5 in Short Blades
   481 | D        | Reached skill level 11 in Stealth
   500 | D        | Learned a level 4 spell: Airstrike
   505 | D        | Learned a level 4 spell: Summon Lightning Spire
   731 | D        | Found a glowing silver altar of Zin.
   732 | D        | Found a glowing golden altar of the Shining One.
   732 | D        | Found a white marble altar of Elyvilon.
   732 | D        | Noticed a deep elf priest
   734 | D        | Killed a deep elf priest
   734 | D        | Reached skill level 10 in Dodging
   734 | D        | Reached skill level 1 in Summonings
   734 | D        | Reached skill level 1 in Air Magic
   734 | D        | Reached XP level 7. HP: 32/32 MP: 18/20
   745 | D        | Found an iron altar of Okawaru.
   746 | D        | Found a bloodstained altar of Trog.
   746 | D        | Noticed a human
   746 | D        | Noticed a human
   748 | D        | Killed a human
   748 | D        | Reached skill level 12 in Stealth
   753 | D        | Killed a human
   784 | D        | Found a snail-covered altar of Cheibriados.
   784 | D        | Noticed a necrophage
   785 | D        | Found a basalt altar of Yredelemnul.
   785 | D        | Found a blossoming altar of Fedhas.
   785 | D        | Noticed a necromancer
   786 | D        | Killed a necrophage
   786 | D        | Reached XP level 8. HP: 36/36 MP: 22/22
   787 | D        | Killed a necromancer
   787 | D        | Acquired Dithmenos's first power
   875 | D        | Learned a level 6 spell: Deflect Missiles
   877 | D        | Noticed a two-headed ogre
   877 | D        | Noticed a two-headed ogre
   881 | D        | Killed a two-headed ogre
   883 | D        | Killed a two-headed ogre
   883 | D        | Reached skill level 10 in Spellcasting
   883 | D        | Reached skill level 1 in Charms
   886 | D        | Noticed a two-headed ogre
   887 | D        | Killed a two-headed ogre
   892 | D        | Noticed a hill giant
   895 | D        | Killed a hill giant
   901 | D        | Noticed a hill giant
   901 | D        | Noticed Erolcha
   908 | D        | Killed Erolcha
   908 | D        | Acquired Dithmenos's second power
   908 | D        | Reached skill level 13 in Stealth
   911 | D        | Killed a hill giant
   912 | D        | Noticed a redback
  1001 | D        | Noticed a trapdoor spider
  1002 | D        | Noticed a trapdoor spider
  1002 | D        | Killed a redback
  1002 | D        | Reached XP level 9. HP: 39/39 MP: 21/24
  1029 | D        | Killed a trapdoor spider
  1119 | D        | Killed a trapdoor spider
  1119 | D        | Acquired Dithmenos's third power
  1258 | D        | Noticed a killer bee
  1258 | D        | Noticed a killer bee
  1258 | D        | Noticed a killer bee
  1258 | D        | Noticed a killer bee
  1258 | D        | Noticed a killer bee
  1258 | D        | Noticed a killer bee
  1258 | D        | Noticed a killer bee
  1258 | D        | Noticed a killer bee
  1258 | D        | Noticed a killer bee
  1258 | D        | Noticed a killer bee
  1258 | D        | Noticed a killer bee
  1258 | D        | Noticed a killer bee
  1258 | D        | Noticed a killer bee
  1258 | D        | Noticed a killer bee
  1258 | D        | Noticed a killer bee
  1259 | D        | Noticed a killer bee
  1259 | D        | Noticed a killer bee
  1259 | D        | Noticed a killer bee
  1259 | D        | Noticed a killer bee
  1259 | D        | Noticed a killer bee
  1259 | D        | Noticed a killer bee
  1259 | D        | Noticed a killer bee
  1259 | D        | Noticed a killer bee
  1259 | D        | Noticed a killer bee
  1259 | D        | Noticed a killer bee
  1259 | D        | Noticed a killer bee
  1259 | D        | Noticed a killer bee
  1259 | D        | Noticed a killer bee
  1259 | D        | Noticed a killer bee
  1259 | D        | Noticed a queen bee
  1259 | D        | Noticed a killer bee
  1259 | D        | Noticed a killer bee
  1259 | D        | Noticed a killer bee
  1264 | D        | Killed a killer bee
  1266 | D        | Killed a killer bee
  1268 | D        | Killed a killer bee
  1268 | D        | Reached skill level 14 in Stealth
  1270 | D        | Killed a killer bee
  1274 | D        | Killed a killer bee
  1278 | D        | Killed a killer bee
  1278 | D        | Acquired Dithmenos's fourth power
  1278 | D        | Reached skill level 5 in Ice Magic
  1282 | D        | Killed a killer bee
  1284 | D        | Killed a killer bee
  1432 | D        | Killed a killer bee
  1435 | D        | Killed a killer bee
  1437 | D        | Killed a killer bee
  1441 | D        | Killed a killer bee
  1443 | D        | Killed a killer bee
  1445 | D        | Killed a killer bee
  1447 | D        | Killed a killer bee
  1449 | D        | Killed a killer bee
  1601 | D        | Killed a killer bee
  1603 | D        | Killed a killer bee
  1604 | D        | Killed a killer bee
  1605 | D        | Killed a killer bee
  1606 | D        | Killed a killer bee
  1609 | D        | Killed a killer bee
  1609 | D        | Reached skill level 5 in Charms
  1615 | D        | Killed a killer bee
  1617 | D        | Killed a killer bee
  1853 | D        | Killed a killer bee
  1856 | D        | Killed a killer bee
  1860 | D        | Killed a killer bee
  1862 | D        | Killed a killer bee
  1864 | D        | Killed a killer bee
  1866 | D        | Killed a killer bee
  1868 | D        | Killed a yaktaur
  1870 | D        | Killed a killer bee
  1870 | D        | Reached skill level 15 in Stealth
  1872 | D        | Killed a killer bee
  1890 | D        | Killed a queen bee
  1890 | D        | Reached skill level 5 in Invocations
  1890 | D        | Reached XP level 10. HP: 23/44 MP: 0/26
  2128 | D        | Learned a level 6 spell: Conjure Ball Lightning
  2483 | D        | Noticed Wiglaf
  2483 | D        | Noticed Frances
  2486 | D        | Noticed a wandering mushroom
  2488 | D        | Noticed a wandering mushroom
  2488 | D        | Noticed a wandering mushroom
  2489 | D        | Killed a wandering mushroom
  2491 | D        | Killed a wandering mushroom
  2492 | D        | Killed a wandering mushroom
  2535 | D        | Noticed a spiny frog
  2535 | D        | Noticed a komodo dragon
  2535 | D        | Noticed a spiny frog
  2540 | D        | Killed a spiny frog
  2540 | D        | Reached skill level 5 in Conjurations
  2542 | D        | Killed a spiny frog
  2544 | D        | Killed a komodo dragon
  2544 | D        | Reached skill level 5 in Air Magic
  2580 | D        | Noticed a redback
  2582 | D        | Killed a redback
  2582 | D        | Reached skill level 16 in Stealth
  2583 | D        | Noticed a brain worm
  2588 | D        | Killed a brain worm
  2593 | D        | Noticed a brain worm
  2597 | D        | Killed a brain worm
  2742 | D        | Noticed a lindwurm
  2744 | D        | Noticed a redback
  2745 | D        | Killed a lindwurm
  2747 | D        | Killed a redback
  2753 | D        | Noticed a redback
  2754 | D        | Killed a redback
  2755 | D        | Noticed Maud
  2757 | D        | Killed Maud
  2757 | D        | Reached skill level 15 in Dodging
  2757 | D        | Reached XP level 11. HP: 47/47 MP: 27/29
  2761 | D        | Noticed an electric eel
  2762 | D        | Noticed an eight-headed hydra
  2762 | D        | Noticed a seven-headed hydra
  2764 | D        | Killed an electric eel
  2766 | D        | Killed an eight-headed hydra
  2766 | D        | Reached skill level 10 in Hexes
  2766 | D        | Reached skill level 5 in Summonings
  2767 | D        | Killed a seven-headed hydra
  2767 | D        | Reached skill level 17 in Stealth
  2811 | D        | Noticed a death drake
  2823 | D        | Killed a death drake
  3086 | D        | Found a blossoming altar of Fedhas.
  3086 | D        | Noticed a spriggan
  3086 | D        | Noticed a spriggan druid
  3086 | D        | Noticed a spriggan
  3088 | D        | Killed a spriggan druid
  3089 | D        | Killed a spriggan
  3090 | D        | Killed a spriggan
  3116 | D        | Noticed a death drake
  3116 | D        | Noticed a swamp dragon skeleton
  3118 | D        | Killed a death drake
  3119 | D        | Noticed a swamp dragon skeleton
  3119 | D        | Noticed a swamp dragon skeleton
  3119 | D        | Noticed a death drake
  3119 | D        | Found Vibint's Distillery.
  3119 | D        | Found Igab's Antique Armour Shop.
  3119 | D        | Found Nosmeren's Gadget Shoppe.
  3120 | D        | Killed a swamp dragon skeleton
  3123 | D        | Killed a death drake
  3138 | D        | Killed a swamp dragon skeleton
  3201 | D        | Killed a swamp dragon skeleton
  3285 | D        | Noticed a swamp drake
  3285 | D        | Noticed a fire drake
  3286 | D        | Killed a fire drake
  3288 | D        | Killed a swamp drake
  3294 | D        | Noticed a blink frog
  3294 | D        | Noticed a blink frog
  3294 | D        | Noticed a blink frog
  3295 | D        | Noticed a blink frog
  3295 | D        | Noticed a blink frog
  3301 | D        | Killed Nessos
  3302 | D        | Killed a blink frog
  3305 | D        | Slain by a blink frog

Vault maps used:
D:        dungeon_sprint_mu

Action                   |  1- 3 |  4- 6 |  7- 9 | 10-12 || total
-------------------------+-------+-------+-------+-------++-------
Melee: Dagger            |    56 |     8 |    93 |    45 ||   202
 Cast: Confuse           |     3 |       |     2 |       ||     5
       Ensorcelled Hiber |     2 |     1 |    47 |     9 ||    59
       Corona            |     2 |       |       |       ||     2
       Dazzling Spray    |       |     3 |    10 |    14 ||    27
       Tukima's Dance    |       |       |     3 |       ||     3
       Airstrike         |       |       |     1 |       ||     1
Invok: Shadow Step       |       |       |     3 |     7 ||    10
  Use: Scroll            |       |     5 |       |       ||     5
       Potion            |       |     3 |     1 |     3 ||     7
 Stab: Sleeping          |     1 |     5 |    37 |    24 ||    67
       Confused          |       |       |     2 |       ||     2
  Eat: Bread ration      |       |       |       |     1 ||     1
